 Dungeon Crawl Stone Soup version 0.30-a0-743-gbfdf073431 (console) character file.

Game seed: 14328802526239532211

11 rlgrobin the Caller (level 2, 19/19 HPs)
             Began as a Demonspawn Summoner on Feb 6, 2023.
             Got out of the dungeon alive.
             The game lasted 00:01:39 (557 turns).

rlgrobin the Caller (Demonspawn Summoner)            Turns: 557, Time: 00:01:40

Health: 19/19      AC:  2    Str:  8    XL:     2   Next: 13%
Magic:  5/5        EV: 12    Int: 16    God:
Gold:   79         SH:  0    Dex: 13    Spells: 4/5 levels left

rFire   . . .      SeeInvis .    a - +0 quarterstaff
rCold   . . .      Faith    .    (shield currently unavailable)
rNeg    . . .      Spirit   .    d - +0 robe
rPois   .          Reflect  .    (no helmet)
rElec   .          Harm     .    (no cloak)
rCorr   .          Rampage  .    (no gloves)
Will    .....                    (no boots)
Stlth   ++                       (no amulet)
HPRegen 0.23/turn                (no ring)
MPRegen 0.09/turn                (no ring)

@: no status effects
A: ignite blood 1
a: no special abilities


You escaped.
You visited 1 branch of the dungeon, and saw 1 of its levels.

You collected 79 gold pieces.

Inventory:

Hand Weapons
 a - a +0 quarterstaff (weapon)
Armour
 d - a +0 robe (worn)
Scrolls
 c - a scroll of fear {unknown}
Potions
 b - a potion of magic
 e - a potion of attraction {unknown}
 f - a potion of degeneration {unknown}


   Skills:
 - Level 1.7 Dodging
 - Level 1.7 Stealth
 + Level 2.3 Spellcasting
 + Level 4.2 Summonings


You had 4 spell levels left.
You knew the following spells:

 Your Spells              Type           Power      Damage    Failure   Level
a - Summon Small Mammal   Summ           60%        N/A       3%          1

Your spell library contained the following spells:

 Spells                   Type           Power      Damage    Failure   Level
 Call Imp                 Summ           15%        N/A       5%          2
 Call Canine Familiar     Summ           15%        N/A       11%         3
 Summon Guardian Golem    Hex/Summ       8%         N/A       26%         3
 Summon Lightning Spire   Summ/Air       8%         N/A       63%         4


Dungeon Overview and Level Annotations

Branches:
Dungeon (1/15)

Altars:


Innate Abilities, Weirdness & Mutations

Your demonic aura sometimes causes spilled blood to erupt in flames.


Message History

Your bat disappears in a puff of smoke!
The helpless rat fails to defend itself.
You thump the rat!
You kill the rat!
You have reached level 2!
Your demonic ancestry asserts itself...
Your blood heats up.
Casting: Summon Small Mammal (safe; 3% risk of failure)
Confirm with . or Enter, or press ? or * to list all spells.
Your bat hits the giant cockroach but does no damage.
Your bat barely misses the giant cockroach.
You closely miss the giant cockroach.
Your bat hits the giant cockroach but does no damage.
The giant cockroach closely misses you.
Your bat hits the giant cockroach but does no damage.
The giant cockroach closely misses you.
You barely miss the giant cockroach. Your bat misses the giant cockroach.
The giant cockroach bites you but does no damage.
Your bat misses the giant cockroach.
The giant cockroach bites you but does no damage.
You sock the giant cockroach!
You kill the giant cockroach!
Found a stone staircase leading down.
Your bat disappears in a puff of smoke!
A kobold comes into view. It is wielding a +0 dagger.
The kobold shouts!
The kobold throws a stone.
The stone closely misses you. The kobold hits you with a +0 dagger.
You hit the kobold.
You kill the kobold!
Things that are here:
a +0 dagger; a stone
Things that are here:
a +0 dagger; a stone
Found a scroll labelled OMUIRUYCIH.
You enter the shallow water.
Moving in this stuff is going to be slow.
There is a staircase leading out of the dungeon here.
Are you sure you want to leave the Dungeon?
This will make you lose the game!
You have escaped!

#...............#...#.
#.#..####.##.......#.#
#.~♣♣♣♣♣~.##......#..÷
#~~≈≈≈≈♣~~##..........
#♣♣~~~~~♣♣##..........
♣♣~~~~~≈♣ ###########
♣≈~~~~~♣♣ ♣♣~~~~~≈♣ ##
♣≈~~@~~♣♣ .. ♣≈~~~~~≈♣
.. ♣♣~~~~~♣♣ ##
♣≈~~~~~≈♣ #. ♣♣~~~~~≈♣
.# ~≈♣≈♣≈~~ ..
.~♣♣♣♣♣~.# .. #.# #.#
. ..


There were no monsters in sight!

Vanquished Creatures
  2 giant cockroaches (D:1)
  A hobgoblin (D:1)
  2 kobolds (D:1)
  2 rats (D:1)
7 creatures vanquished.

Vanquished Creatures (collateral kills)
  A bat (D:1)
  A frilled lizard (D:1)
  A kobold (D:1)
  2 rats (D:1)
5 creatures vanquished.

Grand Total: 12 creatures vanquished

Notes
Turn   | Place    | Note
-------+----------+-------------------------------------------
     0 | D:1      | rlgrobin the Demonspawn Summoner began the quest for the
                  | Orb.
     0 | D:1      | Reached XP level 1. HP: 13/13 MP: 3/3
   429 | D:1      | Gained mutation: Your demonic aura sometimes causes spilled
                  | blood to erupt in flames. [demonic ancestry]
   429 | D:1      | Reached XP level 2. HP: 19/19 MP: 5/5
   557 | D:$      | Got out of the dungeon alive.

Illustrated notes

Levels and vault maps discovered:
D:1:      reono_arrival_forest_river, layout_loops_ring,
          hangedman_decor_peaks_small, minmay_misc_feat_secret_circle,
          minmay_splitting_lines

Action                     || total
---------------------------++-------
  Melee: Quarterstaff      ||    17
         Unarmed           ||     6
   Cast: Summon Small Mamm ||    13
   Stab: Sleeping          ||     1
 Armour: Robe              ||    12
  Dodge: Dodged            ||    21

Table legend: (Time is in decaauts)
 A = Elapsed time spent in this place.
 B = Non-inter-level travel time spent in this place.
 C = Inter-level travel time spent in this place.
 D = Time resting spent in this place.
 E = Time spent auto-exploring this place.
 F = Levels seen in this place.
 G = Mean time per level.
                   A        B        C        D        E       F      G
               +--------+--------+--------+--------+--------+-----+--------+
         Total |    567 |    517 |     50 |     29 |    328 |   1 |  567.0 |
       Dungeon |    567 |    517 |     50 |     29 |    328 |   1 |  567.0 |
               +--------+--------+--------+--------+--------+-----+--------+

Top non-repeatable levels by time:
     D:1: 567 daAuts
